AoeStats
← KaKaL0L

Oasis

509502218Analyzed
2v2 RM · 6d ago on Sep 27, 2026· 19m 37s· 4 players
Game mode
Random Map
Map size
Medium (4 player)
Population
200
Speed
Normal
Resources
Standard
Victory
Conquest
Starting age
Dark Age
Ending age
Imperial Age
RankedLock teamsTeams togetherTeam positionsShared explorationLock speedFull tech treeHidden civsTurbo modeCheats
Victory
Defeat
🇺🇸 Sicilians · United States
704
+10
🇺🇸 Byzantines · United States
702
+10
🇩🇴 Persians · Dominican Republic
614
-12
🇩🇪 Japanese · Germany
518
-8
a.mglass
0:58 Loom
11:30 Feudal Age
13:11 Wheelbarrow
12:25 Double-Bit Axe
14:12 Gold Mining
15:22 Horse Collar
17:32 Man-at-Arms
18:02 Arson
KaKaL0L
WhoShotYa703
10:12 Loom
12:26 Feudal Age
13:00 Double-Bit Axe
12:57 Horse Collar
ctiuvribco97
3:13 Loom
12:54 Feudal Age
19:23 Castle Age
Connection lost

Rejoining the realm…

Still unreachable

The connection could not be restored.

Session expired

The server has moved on; the page needs a fresh start.